[Event "St Kilda East and Caulfield Chess Club T3 2025 Under 1600 Mondays"]
[Site "St Kilda East, Australia"]
[Date "2025.08.25"]
[Round "5.3"]
[White "Hennessy, Rob"]
[Black "Nash, Paul"]
[Result "0-1"]
[TimeControl "60 minutes per player per game plus 10 secionds per move from move one"]
[WhiteElo "979"]
[BlackElo "1009"]

1. e4 e5 2. Nf3 Nc6 3. Bb5 a6 4. Ba4 Nf6 5. O-O b5 6. Bb3 Be7 7. Re1 O-O 8. c3 d5 9. exd5 Nxd5 10.
Nxe5 Nxe5 11. Rxe5 c6 12. d4 Bd6 13. Re1 Qh4 14. g3 Qh3 15. Bxd5 cxd5 16. Qf3 Be6 17. Bf4 Bg4 18. Qg2 Bxf4 19.
Qxh3 Bxh3 20. gxf4 f6 21. Re3 Bf5 22. Nd2 Kf7 23. Rae1 Rae8 24. Nf3 Re4 25. Rxe4 Bxe4 26. Nh4 g5 27.
fxg5 Rg8 28. g6+ hxg6 29. Ng2 Rh8 30. Re3 Bf5 31. Nf4 Rd8 32. b4 g5 33. Nd3 a5 34. a3 axb4 35. cxb4 Bxd3 36.
Rxd3 Ra8 37. Rc3 Ke6 38. Kg2 Kd6 39. Kg3 f5 40. f4 g4 41. h3 gxh3 42. Kxh3 Rh8+ 43. Kg2 Re8 44. Kf3 Re4 45.
Rd3 Re8 46. Rd1 Ra8 47. Rd3 Rh8 48. Kg2 Rg8+ 49. Kf2 Rh8 50. Rg3 Rh2+ 51. Rg2 Rh3 52. Rg6+ Kd7 53. Rg3 Rh2+ 54. Ke1 Rh4 55.
Rf3 Rh1+ 56. Kd2 Rh4 57.
Kc2 Rh2+ 58. Kb3 Rd2 59. Kc3 Ra2 60. Kb3 Rd2 61. a4 bxa4+ 62. Kxa4 Rxd4 63. Kb5 Rc4 64. Rf1 Kd6 65. Ka5 Rc2 66.
b5 Kc5 67. Ra1 d4 68. b6 Rb2 69. Rc1 Kd6 70. Ka6 Ra2+ 71. Kb7 d3 72. Rd1 d2 73. Kc8 Rc2+ 74. Kb8 Kc6 75. b7 Rb2 76.
Kc8 Rxb7 77. Kd8 Rd7+ 78. Ke8 Rd5 79. Kf7 Kc5 80. Kg6 Kc4 81. Kg5 Kc3 82. Kh4 Kc2 83. Rf1 d1=Q 84. Rxd1 Kd2 85. Kg5+ Kxd1 86. Kf6 Ke2 87. Ke5 Ra5+ 0-1

[Event "St Kilda East and Caulfield Chess Club T3 2025 Under 1600 Mondays"]
[Site "St Kilda East, Australia"]
[Date "2025.08.25"]
[Round "5.7"]
[White "Yu, Brandon"]
[Black "Fineberg, Leo"]
[Result "1-0"]
[TimeControl "60 minutes per player per game plus 10 secionds per move from move one"]
[WhiteElo "816"]
[BlackElo "631"]

1. d4 d5 2. c4 c6 3. Nf3 Nf6 4. Nc3 Bg4 5. Bf4 e6 6. c5 b6 7. b4 a5 8. a3 Nbd7 9. h3 Bh5 10.
Ne5 Ne4 11. Nxe4 dxe4 12. Nxc6 Qc8 13. Ne5 Nxe5 14. Bxe5 axb4 15. axb4 Rxa1 16. Qxa1 Qb7 17. e3 Be7 18. Qa4+ b5 19.
Qxb5+ Qxb5 20. Bxb5+ Kd8 21. O-O f6 22. Bh2 Be8 23. Bxe8 Kxe8 24. Ra1 Kf7 25. Ra7 Rb8 26. Bd6 Re8 27.
Rxe7+ Rxe7 28. Bxe7 Kxe7 29. b5 Kd7 30. Kf1 Kc7 31. Ke2 h6 32. f3 exf3+ 33. Kxf3 g6 34. g4 f5 35. Kf4 Kd7 36.
Ke5 1-0

[Event "St Kilda East and Caulfield Chess Club T3 2025 Under 1600 Mondays"]
[Site "St Kilda East, Australia"]
[Date "2025.08.25"]
[Round "5.9"]
[White "Heideman, Don"]
[Black "Longe, Mathieu"]
[Result "0-1"]
[TimeControl "60 minutes per player per game plus 10 secionds per move from move one"]
[WhiteElo "478"]
[BlackElo "630"]

1. d4 d5 2. Nf3 Bf5 3. Bf4 e6 4. e3 c5 5. Be2 Nc6 6. O-O Qb6 7. b3 Nf6 8. c4 Be7 9. Nc3 O-O 10.
Bd3 Bxd3 11. Qxd3 h6 12. Rab1 Nh5 13. Ne2 Bf6 14. Ne5 Nxf4 15. Nxf4 Nxe5 16. dxe5 Bxe5 17. cxd5 Bxf4 18. exf4 Rfd8 19.
Rfe1 Rxd5 20. Qf3 Rad8 21. h3 Qa5 22. a4 a6 23. Kh2 b5 24. Ra1 Qb6 25. Rab1 bxa4 26. bxa4 Qc6 27. a5 c4 28.
Rb6 Qc5 29. Rxa6 c3 30. Rc1 c2 31. Qe2 Rd2 32. Qe3 Qxe3 33. fxe3 Rc8 34. Rb6 Rd1 35. Rxc2 Rxc2 36. a6 Ra1 37.
Kg3 Rca2 38. e4 Rxa6 39. Rxa6 Rxa6 0-1

[Event "St Kilda East and Caulfield Chess Club T3 2025 Under 1600 Mondays"]
[Site "St Kilda East, Australia"]
[Date "2025.08.25"]
[Round "5.6"]
[White "Nguyen, Tai"]
[Black "Yong, Leonard"]
[Result "1-0"]
[TimeControl "60 minutes per player per game plus 10 secionds per move from move one"]
[WhiteElo "749"]
[BlackElo "449"]

1. d4 d5 2. c4 dxc4 3. e4 e6 4. Bxc4 Nc6 5. Nf3 Nh6 6. O-O Bd6 7. Nc3 O-O 8. Bxh6 gxh6 9. Qd2 Kg7 10.
Ne2 f5 11. e5 Bb4 12. Qf4 h5 13. Ng3 Qe8 14. Qg5+ Qg6 15. Nxh5+ Kh8 16. Qxg6 hxg6 17. Nf6 Be7 18. Nh4 Bxf6 19.
Nxg6+ Kg8 20. Nxf8 Kxf8 21. exf6 Nxd4 22. Rad1 Nc6 23. Rfe1 Kf7 24. Rd3 Kxf6 25. Rh3 Kg6 26. Bxe6 Bxe6 27.
Rxe6+ Kf7 28. Rhh6 Rd8 29. h3 f4 30. Rhf6+ Kg7 31. Rxf4 Rd1+ 32. Kh2 Rd8 33. Re3 Kg6 34. Rg3+ Kh5 35. Rf5+ Kh4 36. Rg4# 1-0

[Event "St Kilda East and Caulfield Chess Club T3 2025 Under 1600 Mondays"]
[Site "St Kilda East, Australia"]
[Date "2025.08.25"]
[Round "5.1"]
[White "O'Connor, Alistair"]
[Black "Wang, Noah"]
[Result "0-1"]
[TimeControl "60 minutes per player per game plus 10 secionds per move from move one"]
[WhiteElo "1053"]
[BlackElo "913"]

1. d4 d5 2. e4 c6 3. Nc3 dxe4 4. f3 e6 5. fxe4 Nf6 6. Bg5 Be7 7. e5 Nd5 8. Bxe7 Qxe7 9. Nf3 O-O 10.
Qd2 b5 11. Bd3 b4 12. Ne4 Nd7 13. O-O c5 14. c4 bxc3 15. bxc3 cxd4 16. cxd4 Bb7 17. Nd6 N7b6 18. Ng5 h6 19.
Ngxf7 Nc8 20. Nxh6+ gxh6 21. Rxf8+ Qxf8 22. Nxb7 Nf4 23. Rf1 Qe7 24. Qxf4 Qxb7 0-1

[Event "St Kilda East and Caulfield Chess Club T3 2025 Under 1600 Mondays"]
[Site "St Kilda East, Australia"]
[Date "2025.08.25"]
[Round "5.4"]
[White "Karboulahanos, Kris"]
[Black "Beckman, John"]
[Result "0-1"]
[TimeControl "60 minutes per player per game plus 10 secionds per move from move one"]
[WhiteElo "1029"]
[BlackElo "1201"]

1. e4 d6 2. Nc3 e5 3. Bc4 c6 4. Nge2 Nf6 5. d4 Nbd7 6. O-O Be7 7. f4 O-O 8. f5 b5 9. Nxb5 cxb5 10. Bxb5 Nxe4 11. Bc6 Rb8 12. Bxe4 Nf6 13. Ng3 d5 14. dxe5 Nxe4 15. Nh5 Bc5+ 16.
Kh1 Qh4 17. g3 Qh3 18. f6 g6 19. Nf4 Nxg3# 0-1

[Event "St Kilda East and Caulfield Chess Club T3 2025 Under 1600 Mondays"]
[Site "St Kilda East, Australia"]
[Date "2025.08.25"]
[Round "5.8"]
[White "Gordon, Samuel"]
[Black "Salama, John"]
[Result "0-1"]
[TimeControl "60 minutes per player per game plus 10 secionds per move from move one"]
[WhiteElo "526"]
[BlackElo "1296"]

1. e4 d5 2. exd5 Qxd5 3. Nc3 Qa5 4. g3 Nf6 5. Bg2 c6 6. Nge2 Bf5 7. O-O e6 8. a3 Bd6 9. d3 Nbd7 10.
Ne4 Be7 11. Bd2 Qc7 12. Bc3 O-O-O 13. b4 Nb6 14. Nxf6 Bxf6 15. Bxf6 gxf6 16. Qd2 e5 17. Rad1 h5 18. Qe3 Kb8 19.
d4 Bxc2 20. Rd2 Nc4 21. Qc3 Nxd2 22. Qxd2 Bf5 23. Rc1 Qd7 24. a4 Be6 25. Qe3 Bd5 26. Bxd5 Qxd5 27. dxe5 fxe5 28. Rc5 Qd1+ 29.
Kg2 Rd5 30. Rxd5 Qxd5+ 31. f3 Rd8 32. Kh3 a6 33. Nc3 Qe6+ 34. g4 hxg4+ 35. fxg4 f5 36. Qb6 Rd3+ 0-1

[Event "St Kilda East and Caulfield Chess Club T3 2025 Under 1600 Mondays"]
[Site "St Kilda East, Australia"]
[Date "2025.08.25"]
[Round "5.5"]
[White "Nakada, Kazu"]
[Black "Kovalenko, Kiy"]
[Result "0-1"]
[TimeControl "60 minutes per player per game plus 10 secionds per move from move one"]
[WhiteElo "605"]
[BlackElo "888"]

1. e4 Nc6 2. d4 d5 3. e5 Bf5 4. Nc3 e6 5. Bb5 Qd7 6. Nf3 O-O-O 7. Ng5 f6 8. Bxc6 bxc6 9. Nf3 Bb4 10.
h3 c5 11. a3 cxd4 12. Qxd4 Bxc3+ 13. bxc3 Qb5 14. a4 Qb7 15. exf6 gxf6 16. a5 e5 17. Nxe5 fxe5 18. Qxe5 Nh6 19.
Bxh6 Rde8 20. Qxe8+ Rxe8+ 21. Kd2 Qb2 22. Rhc1 Bxc2 0-1